 Dungeon Crawl Stone Soup version 0.16-a0-3933-g06ce5c0 (webtiles) character file.

95 abixa the Cutter (level 4, 22/26 HPs)
             Began as a Kobold Hunter on Feb 5, 2015.
             Quit the game on level 2 of the Dungeon.
             The game lasted 00:08:18 (2690 turns).

abixa the Cutter (Kobold Hunter)                    Turns: 2690, Time: 00:08:19

Health: 22/26      AC:  5    Str: 10    XL:     4   Next: 95%
Magic:  4/4        EV: 13    Int:  9    God:
Gold:   119        SH:  0    Dex: 17    Spells: 0 memorised, 3 levels left

rFire  . . .     SeeInvis +     a - +0 short sword
rCold  . . .     Clarity  .     m - +0 ring mail
rNeg   . . .     SustAb   .     (no shield)
rPois  +         Gourm    .     (no helmet)
rElec  .         Spirit   .     (no cloak)
rCorr  .         Warding  .     (no gloves)
rMut   +         Stasis   .     (no boots)
MR     .....                    k - amulet of resist mutation
Stlth  +.........               u - ring of see invisible
                                i - ring of poison resistance

@: not resistant to hostile enchantments, very unstealthy
A: carnivore 3
a: no special abilities


You were on level 2 of the Dungeon.
You were very full.

You visited 1 branch of the dungeon, and saw 2 of its levels.

You collected 119 gold pieces.

Inventory:

Hand weapons
 a - a +0 short sword (weapon)
 b - a +1 hand crossbow
 n - a +1 trident of venom
Missiles
 c - 27 bolts
 l - 35 stones (quivered)
Armour
 d - a +0 leather armour
 m - a +0 ring mail (worn)
Jewellery
 i - a ring of poison resistance (left hand)
 k - an amulet of resist mutation (around neck)
 u - a ring of see invisible (right hand)
Scrolls
 e - 2 scrolls of enchant weapon {unknown}
 g - a scroll of magic mapping {unknown}
 p - 2 scrolls of identify {unknown}
 q - 4 scrolls of remove curse {unknown}
 r - a scroll of fog {unknown}
 s - a scroll of amnesia {unknown}
Potions
 h - a potion of might {unknown}
 j - a potion of cure mutation {unknown}
 o - a potion of ambrosia {unknown}
 v - a potion of degeneration {unknown}
Comestibles
 f - 2 meat rations
 t - a beef jerky
 w - a royal jelly


   Skills:
 - Level 2.1 Fighting
 + Level 5.4 Short Blades
 - Level 4.8 Crossbows
 - Level 2.4 Dodging
 - Level 1.3 Stealth


You had 3 spell levels left.
You didn't know any spells.

Dungeon Overview and Level Annotations

Branches:
Dungeon (2/15)

Altars:
Sif Muna
Xom


Innate Abilities, Weirdness & Mutations

You are small and have problems with some larger weapons.
You are carnivorous and can eat meat at any time.


Message History

No target in view!
No target in view!
No target in view!
No target in view!
No target in view!
No target in view!
No target in view!
No target in view!
No target in view!
No target in view!
No target in view!
No target in view!
No target in view!
No target in view!
No target in view!
No target in view!
No target in view!
No target in view!
No target in view!
Are you sure you want to abandon this character and quit the game? (Confirm with "yes".)

. #. .... #. ..... #.
.....# #. ##########
.>....# #. #.........#
......# ## #......<..#
.$....# #.
#.........########......#
#. #.............÷$.@# #.
#.........#######...# #
#. #.....÷÷..# ###.# #..
#. #######.### .#
##+###...## #.###### #
##...##..... #......#
##.....##..## ######.#
##.#...#.## # #.##
##.8.8.8.8.#### #..#
###...........#[.


There were no monsters in sight!

Vanquished Creatures
  5 adders (D:2)
  An ooze (D:1)
  2 giant cockroaches
  6 hobgoblins
  2 jackals (D:2)
  A quokka (D:1)
  A ball python (D:1)
  5 bats
  3 giant geckos
  2 giant newts
  9 goblins
  5 kobolds
  5 rats
47 creatures vanquished.

Notes
Turn   | Place    | Note
--------------------------------------------------------------
     0 | D:1      | abixa, the Kobold Hunter, began the quest for the Orb.
     0 | D:1      | Reached XP level 1. HP: 12/12 MP: 1/1
    76 | D:1      | Reached skill level 1 in Short Blades
   312 | D:1      | Reached XP level 2. HP: 15/17 MP: 2/2
   986 | D:1      | Reached XP level 3. HP: 19/21 MP: 3/3
  1649 | D:2      | Found a deep blue altar of Sif Muna.
  1853 | D:2      | Reached XP level 4. HP: 6/26 MP: 4/4
  2140 | D:2      | Found a shimmering altar of Xom.
  2196 | D:2      | Reached skill level 5 in Short Blades
  2690 | D:2      | Quit the game

Action                   |  1- 3 |  4- 6 || total
-------------------------+-------+-------++-------
Melee: Short sword       |   182 |    80 ||   262
 Fire: Hand crossbow     |     5 |       ||     5
 Stab: Sleeping          |     1 |       ||     1
  Eat: Chunk             |    11 |     1 ||    12
